 Dungeon Crawl Stone Soup version 0.19.1-1-g22dce08 (webtiles) character file.

1304 Queen the Basher (level 8, 0/44 HPs)
             Began as a Gargoyle Gladiator on Jan 12, 2017.
             Slain by a wight
             ... wielding a +5 hand axe of freezing
              (1 damage)
             ... on level 5 of the Dungeon.
             The game lasted 00:18:22 (4920 turns).

Queen the Basher (Gargoyle Gladiator)               Turns: 4920, Time: 00:18:23

Health: 0/44       AC: 14    Str: 20    XL:     8   Next: 57%
Magic:  8/8        EV:  8    Int:  8    God:
Gold:   310        SH:  0    Dex: 12    Spells: 0 memorised, 7 levels left

rFire  . . .     SeeInvis +     g - +0 flail
rCold  . . .     Gourm    .     t - +0 chain mail
rNeg   + . .     Faith    .     (no shield)
rPois  ∞         Spirit   .     c - +0 helmet
rElec  +         Reflect  .     (no cloak)
rCorr  +         Harm     .     (no gloves)
MR     .....                    (no boots)
Stlth  ..........               (no amulet)
                                w - ring of resist corrosion
                                q - ring of see invisible

@: about to teleport
A: negative energy resistance 1, electricity resistance, unbreathing,
petrification resistance, rot immunity, AC +5
a: no special abilities


You were on level 5 of the Dungeon.
You were not hungry.

You visited 1 branch of the dungeon, and saw 6 of its levels.

You collected 310 gold pieces.

Inventory:

Hand Weapons
 g - a +0 flail (weapon)
Missiles
 d - 3 throwing nets (quivered)
Armour
 c - a +0 helmet (worn)
 t - a +0 chain mail (worn)
Jewellery
 q - a ring of see invisible (left hand)
 w - a ring of resist corrosion (right hand)
Scrolls
 b - a scroll of teleportation
 e - a scroll of noise {unknown}
 h - 2 scrolls of remove curse
 k - a scroll of enchant weapon {unknown}
 m - a scroll of fog {unknown}
 o - 4 scrolls of recharging
 v - a scroll of magic mapping {unknown}
Potions
 a - 3 potions of flight
 i - a potion of invisibility {unknown}
 j - a potion of ambrosia
 l - a potion of might {unknown}
 n - a potion of brilliance {unknown}
Comestibles
 f - 5 bread rations
 r - a royal jelly
 u - a beef jerky


   Skills:
 - Level 2.1 Fighting
 + Level 10.5 Maces & Flails
 - Level 1.7 Throwing
 - Level 2.4 Dodging


You had 7 spell levels left.
You didn't know any spells.

Dungeon Overview and Level Annotations

Branches:
Dungeon (6/15)
 Temple: D:4-7

Altars:
Elyvilon
Vehumet

Shops:
D:6 ?


Innate Abilities, Weirdness & Mutations

You are resistant to torment.
Your stone body is resilient. (AC +5)
You are immune to poison.
You resist negative energy. (rN+)
You are resistant to electric shocks. (rElec)
You can survive without breathing.
You are immune to petrification.
You are immune to rotting.


Message History

* * * LOW HITPOINT WARNING * * *
The orc closely misses you. The scorpion stings you.
* * * LOW HITPOINT WARNING * * *
You barely miss the hound.
The hound is almost dead.
The hound bites you but does no damage.
The wight hits you but does no damage. x2
The wight hits you with a scimitar of freezing.
* * * LOW HITPOINT WARNING * * *
The wight freezes you.
* * * LOW HITPOINT WARNING * * *
The orc hits you but does no damage. The wight barely misses you.
The orc hits you but does no damage. The hound bites you but does no damage.
The scorpion stings you but does no damage.
You hit the hound.
You kill the hound!
The wight hits you but does no damage. The wight closely misses you.
The orc hits you but does no damage. The wight hits you but does no damage.
The orc hits you but does no damage. The wight closely misses you.
The wight hits you with a hand axe of freezing.
You die...

..................## ##..####..##
..................>## ##..##...#
....................## ##..#..##
.....................####.....#
......................#..§....###
......................#§§.§.....#
........................._.......
........................§.§.?....
................@zo......§!......
................zs.........#.....
................ozz........#.....
........................#.......#
................................#
.................................
.................................
.................................
.................................


You could see a scorpion, 4 wights and 2 orcs.

Vanquished Creatures
  The ghost of 12san the Covert, a novice OpAs of Gozag (D:5)
  A necrophage (D:5)
  An ogre (D:5)
  2 scorpions
  2 crimson imps (D:5)
  4 orc wizards
  2 hounds
  Jessica (D:2)
  2 centaur skeletons (D:5)
  An iguana (D:4)
  Natasha (D:4)
  8 worker ants
  Terence (D:3)
  A worker ant zombie (D:5)
  8 adders
  A shadow imp (D:5)
  2 oozes
  2 worms
  3 dart slugs
  4 leopard geckos
  12 orcs
  2 ball pythons (D:1)
  6 giant cockroaches
  2 goblins
  6 hobgoblins
  7 jackals
  3 quokkas
  5 bats
  3 frilled lizards
  14 kobolds
  12 rats
  A bush (D:3)
  2 plants (D:3)
123 creatures vanquished.

Vanquished Creatures (others)
  A dart slug (D:4)
1 creature vanquished.

Grand Total: 124 creatures vanquished

Notes
Turn   | Place    | Note
-------+----------+-------------------------------------------
     0 | D:1      | Queen the Gargoyle Gladiator began the quest for the Orb.
     0 | D:1      | Reached XP level 1. HP: 12/12 MP: 1/1
   166 | D:1      | Reached XP level 2. HP: 9/17 MP: 2/2
   441 | D:1      | Reached skill level 4 in Maces & Flails
   538 | D:1      | Reached XP level 3. HP: 19/21 MP: 3/3
   910 | D:2      | Noticed Jessica
   920 | D:2      | Killed Jessica
   920 | D:2      | Reached XP level 4. HP: 21/26 MP: 4/4
   984 | D:2      | Reached skill level 5 in Maces & Flails
  1552 | D:3      | Noticed Terence
  1558 | D:3      | Killed Terence
  1558 | D:3      | Reached XP level 5. HP: 30/30 MP: 5/5
  2014 | D:3      | Reached skill level 6 in Maces & Flails
  2391 | D:4      | Noticed an ogre
  2419 | D:5      | Entered Level 5 of the Dungeon
  2423 | D:5      | Killed an ogre
  2423 | D:5      | Reached skill level 7 in Maces & Flails
  2423 | D:5      | Reached XP level 6. HP: 16/35 MP: 6/6
  2786 | D:4      | Noticed Natasha
  2806 | D:4      | Killed Natasha
  2816 | D:4      | Reached XP level 7. HP: 33/40 MP: 7/7
  2959 | D:4      | Found a white marble altar of Elyvilon.
  3143 | D:4      | Reached skill level 8 in Maces & Flails
  3253 | D:5      | Noticed 12san's ghost (novice OpAs)
  3318 | D:5      | Killed 12san's ghost
  3318 | D:5      | Reached skill level 9 in Maces & Flails
  3603 | D:5      | Reached XP level 8. HP: 42/44 MP: 8/8
  4299 | D:5      | Reached skill level 10 in Maces & Flails
  4323 | D:5      | Found a radiant altar of Vehumet.
  4891 | D:6      | Found Hyakhlaehi's Magic Scroll Shop.
  4918 | D:5      | HP: 2/44 [wight/scimitar of freezing (1)]
  4920 | D:5      | Slain by a wight

Skill      XL: |  1  2  3  4  5  6  7  8 |
---------------+-------------------------+-----
Maces & Flails | 4 5 7 9 10 | 10.5
Fighting       | |  2.1
Throwing       | |  1.7
Dodging        | |  2.4

Action                   |  1- 3 |  4- 6 |  7- 9 || total
-------------------------+-------+-------+-------++-------
Melee: Flail             |    93 |   362 |   197 ||   652
Throw: Throwing net      |       |     1 |       ||     1
  Use: Scroll            |       |     6 |     3 ||     9
       Potion            |       |       |     1 ||     1
  Eat: Chunk             |       |     7 |     4 ||    11
       Meat ration       |       |       |     1 ||     1
Armor: Leather armour    |    25 |       |       ||    25
       Ring mail         |    20 |    23 |       ||    43
       Chain mail        |       |   155 |   162 ||   317
Dodge: Dodged            |    63 |   135 |    92 ||   290
